 Dungeon Crawl Stone Soup version 0.30.0-29-ga12c61a403 (webtiles) character file.

Game seed: 1577586008322541139

462 Graphine the Trooper (level 7, 0/61 HPs)
             Began as a Hill Orc Fighter on June 20, 2023.
             Was a Follower of Beogh.
             Slain by Duvessa
             ... wielding a +0 short sword of venom
              (2 damage)
             ... on level 5 of the Dungeon.
             The game lasted 00:06:15 (3411 turns).

Graphine the Trooper (Hill Orc Fighter)             Turns: 3411, Time: 00:06:16

Health: 0/61       AC:  8    Str: 21    XL:     7   Next: 7%
Magic:  9/9        EV:  9    Int:  8    God:    Beogh [*.....]
Gold:   198        SH:  0    Dex: 10    Spells: 6/6 levels left

rFire   . . .        a - +0 war axe
rCold   . . .        c - +0 buckler
rNeg    . . .        b - +0 scale mail
rPois   +            g - +0 helmet
rElec   .            (no cloak)
rCorr   .            (no gloves)
SInv    .            (no boots)
Will    .....        r - amulet of faith Stlth
                     i - ring of poison resistance
HPRegen 0.30/turn    (no ring)
MPRegen 0.11/turn

%: faith
@: confused, mighty, lethally poisoned (0 -> -21), ambrosia-drunk, hasted, very
quick
A: no striking features
a: Renounce Religion


You were on level 5 of the Dungeon.
You worshipped Beogh.
Beogh was aware of your devotion.
You visited 1 branch of the dungeon, and saw 5 of its levels.

You collected 198 gold pieces.

Inventory:

Hand Weapons
 a - a +0 war axe (weapon)
Missiles
 s - 2 throwing nets (quivered)
Armour
 b - a +0 scale mail (worn)
 c - a +0 buckler (worn)
 g - a +0 helmet (worn)
Jewellery
 i - a ring of poison resistance (left hand)
 r - an amulet of faith (around neck)
Scrolls
 f - 2 scrolls of fog
 h - a scroll of vulnerability
 j - a scroll of magic mapping
 t - a scroll of fear
Potions
 d - 4 potions of might
 l - a potion of brilliance
 n - a potion of haste
 o - a potion of cancellation
 p - a potion of magic
 q - a potion of berserk rage {unknown}


   Skills:
 + Level 5.2 Fighting
 + Level 4.9 Axes
 + Level 4.8 Armour
 + Level 4.8 Shields
 + Level 3.8 Invocations


You had 6 spell levels left.
You didn't know any spells.
Your spell library contained the following spells:

 Spells                   Type           Power      Damage    Failure   Level
 Magic Dart               Conj           0%         1d3       80%         1
 Searing Ray              Conj           0%         2d4       91%         2
 Stone Arrow              Conj/Erth      0%         3d7       99%         3
 Animate Armour           Summ/Erth      0%         N/A       100%        4
 Fulminant Prism          Conj/Hex       0%         3d5       100%        4
 Lehudib's Crystal Spear  Conj/Erth      0%         10d2      100%        8


Dungeon Overview and Level Annotations

Branches:
Dungeon (5/15)             Temple (0/1) D:4

Altars:
Cheibriados
Vehumet

Annotations:
D:5 Duvessa


Message History

Duvessa hits you with a +0 short sword of venom!
* * * LOW HITPOINT WARNING * * *
You feel better.
Duvessa hits you with a +0 short sword of venom!
Cleave: a) +0 war axe
Press: ? - help, Dir - move target, f/p - Duvessa
Aim: Duvessa, wielding a +0 short sword of venom, wearing a +0 ring mail and carrying a wand of polymorph (11) (severely wounded, berserk, about 35% to evade your +0 war axe)
You slash Duvessa!
Duvessa is severely wounded.
Duvessa hits you with a +0 short sword of venom.
* * * LOW HITPOINT WARNING * * *
Duvessa hits you with a +0 short sword of venom.
* * * LOW HITPOINT WARNING * * *
Cleave: a) +0 war axe
Press: ? - help, Dir - move target, f/p - Duvessa
Aim: Duvessa, wielding a +0 short sword of venom, wearing a +0 ring mail and carrying a wand of polymorph (11) (severely wounded, berserk, about 35% to evade your +0 war axe)
You hit Duvessa but do no damage.
Duvessa is severely wounded.
Duvessa hits you but does no damage.
Okay, then.
Cleave: a) +0 war axe
Press: ? - help, Dir - move target, f/p - Duvessa
Aim: Duvessa, wielding a +0 short sword of venom, wearing a +0 ring mail and carrying a wand of polymorph (11) (severely wounded, berserk, about 35% to evade your +0 war axe)
You barely miss Duvessa.
Duvessa is severely wounded.
Duvessa hits you with a +0 short sword of venom!
* * * LOW HITPOINT WARNING * * *
You are lethally poisoned!
Okay, then.
Okay, then.
Okay, then.
You can't see any enemies this would affect, really read the scroll of fear?
Okay, then.
Okay, then.
You are confused.
You feel invigorated.
* * * LOW HITPOINT WARNING * * *
You feel very sick.
Duvessa hits you with a +0 short sword of venom.
You die...

.# . ## .# ..#
###.##..#
#...#.... .
####.#...#
..##...)....#
............#.#
.......@......#
......#)e.>...#
........#...#...
............# .
............#
.............#
....######.....
...# ...... ...
......


You could see Duvessa (berserk).

Vanquished Creatures
  An ogre (D:5)
  The ghost of klichko the Shooter, an amateur BaHu (D:3)
  Dowan (D:5)
  2 hounds
  A gnoll bouda (D:4)
  An iguana (D:4)
  2 adders
  3 gnolls (D:4)
  2 worms
  4 orcs
  4 ball pythons
  6 endoplasms
  5 giant cockroaches
  9 goblins
  8 hobgoblins
  6 jackals (D:4)
  5 quokkas
  3 bats
  5 frilled lizards
  6 kobolds
  6 rats
81 creatures vanquished.

Vanquished Creatures (others)
  A frilled lizard (D:3)
1 creature vanquished.

Grand Total: 82 creatures vanquished

Notes
Turn   | Place    | Note
-------+----------+-------------------------------------------
     0 | D:1      | Graphine the Hill Orc Fighter began the quest for the Orb.
     0 | D:1      | Reached XP level 1. HP: 19/19 MP: 1/1
   365 | D:1      | Reached XP level 2. HP: 21/27 MP: 2/2
   648 | D:2      | Reached skill level 1 in Invocations
   671 | D:2      | Reached XP level 3. HP: 32/33 MP: 3/3
   699 | D:2      | Reached skill level 4 in Fighting
  1779 | D:3      | Reached XP level 4. HP: 22/40 MP: 5/5
  1881 | D:3      | Became a worshipper of Beogh the Brigand
  2053 | D:3      | Found a snail-covered altar of Cheibriados.
  2054 | D:3      | Found a radiant altar of Vehumet.
  2359 | D:3      | Found a runed translucent door.
  2360 | D:3      | Noticed klichko's ghost (amateur BaHu)
  2499 | D:3      | Killed klichko's ghost
  2500 | D:3      | Reached XP level 5. HP: 45/47 MP: 6/6
  2618 | D:4      | Reached XP level 6. HP: 31/52 MP: 8/8
  2661 | D:4      | Reached * piety under Beogh
  3032 | D:4      | Found a staircase to the Ecumenical Temple.
  3236 | D:5      | Entered Level 5 of the Dungeon
  3241 | D:5      | Noticed Dowan
  3261 | D:5      | Reached skill level 5 in Fighting
  3270 | D:5      | Killed Dowan
  3343 | D:5      | Noticed Duvessa
  3405 | D:5      | Reached XP level 7. HP: 26/61 MP: 9/9
  3410 | D:5      | HP: 3/61 [Duvessa/+0 short sword of venom (11)]
  3411 | D:5      | Slain by Duvessa

Illustrated notes

Levels and vault maps discovered:
D:1:      spicycebolla_green_bress_n_ham, layout_loops_ring,
          hangedman_decor_clover_reticule, minmay_tromino_v4_a
D:2:      layout_loops_corners
D:3:      layout_basic, grunt_temple_overflow_open, gammafunk_ghost_grave
D:4:      layout_rooms, minmay_temple_entry_statues_fountains
D:5:      layout_rooms, led_sif_pool, hex_large, uniq_blork_the_orc,
          uniq_duvessa

Skill      XL: |  1  2  3  4  5  6 |
---------------+-------------------+-----
Axes           | 3 4 |  4.9
Invocations    | 1 2 3 |  3.8
Fighting       | 4 5 |  5.2
Armour         | 4 |  4.8
Shields        | 4 |  4.8

Action                     |  1- 3 |  4- 6 |  7- 9 || total
---------------------------+-------+-------+-------++-------
  Melee: War axe           |   121 |   137 |     5 ||   263
 Invoke: Convert to Beogh  |       |     1 |       ||     1
    Use: Scroll            |     8 |     7 |       ||    15
         Potion            |       |     6 |     2 ||     8
 Armour: Scale mail        |    53 |    68 |     1 ||   122
  Dodge: Dodged            |    56 |    84 |       ||   140
  Block: Buckler           |    20 |    28 |     1 ||    49
